 Dungeon Crawl Stone Soup version 0.26.1-11-gd32895ea62 (webtiles) character file.

Game seed: 3867037821788133403

132217 Ezendos the Warrior (level 17, -1/201 HPs)
             Began as an Ogre Transmuter on July 14, 2021.
             Was the Champion of Makhleb.
             Slain by a goliath frog (22 damage)
             ... on level 3 of the Swamp on July 15, 2021.
             The game lasted 01:59:21 (49325 turns).

Ezendos the Warrior (Ogre Transmuter)              Turns: 49325, Time: 01:59:22

Health: -1/201     AC:  6    Str: 24    XL:     17   Next: 12%
Magic:  24/27      EV: 13    Int: 19    God:    Makhleb [******]
Gold:   1973       SH:  0    Dex:  9    Spells: 6/30 levels left

rFire    . . .     SeeInvis .     - Unarmed
rCold    . . .     Faith    .   (shield currently unavailable)
rNeg     . . .     Spirit   .   L - +0 swamp dragon scales
rPois    +         Reflect  .   (helmet restricted)
rElec    .         Harm     .   W - +1 cloak {Will+}
rCorr    +         Rampage  .   (gloves unavailable)
Will     ++...                  (boots unavailable)
Stlth    ..........             (no amulet)
HPRegen  0.43/turn              A - ring of resist corrosion
MPRegen  0.20/turn              n - +6 ring of strength

@: blade hands, corroded
A: large, unfitting armour, tough skin 1
a: End Transformation, Renounce Religion, Minor Destruction, Lesser Servant of
Makhleb, Major Destruction, Greater Servant of Makhleb


You were on level 3 of the Swamp.
You worshipped Makhleb.
Makhleb was exalted by your worship.
You had blades for hands.
You visited 6 branches of the dungeon, and saw 28 of its levels.

You collected 2741 gold pieces.
You spent 768 gold pieces at shops.

Inventory:

Hand Weapons
 C - the +4 hunting sling of the Smoking Dove (melded) {flame, +Blink +Inv rC+ Int+2}
   (You took it off an orc on level 7 of the Dungeon)

   It causes projectiles fired from it to burn those they strike, causing extra
   injury to most foes and up to half again as much damage against particularly
   susceptible opponents.
   It affects your intelligence (+2).
   It protects you from cold.
   It lets you turn invisible.
   It lets you blink.
Missiles
 g - 2 throwing nets
Armour
 E - a +2 robe of willpower
 L - +0 swamp dragon scales (worn)
 O - +0 acid dragon scales
 S - a +2 tower shield
 W - a +1 cloak of willpower (worn)
Jewellery
 a - an uncursed ring of poison resistance
 j - an uncursed ring of fire
 n - a +6 ring of strength (right scythe-like blade)
 A - a ring of resist corrosion (left scythe-like blade)
 R - an uncursed ring of flight
Wands
 b - a wand of disintegration (1)
 q - a wand of iceblast (16)
 s - a wand of enslavement (12)
 w - a wand of acid (30)
 N - a wand of polymorph (12)
 P - a wand of digging (8)
 U - a wand of flame (22)
Scrolls
 d - 11 scrolls of teleportation
 e - 5 scrolls of immolation
 f - a scroll of fear
 h - 5 scrolls of fog
 k - a scroll of blinking
 p - 4 scrolls of amnesia
 r - 4 scrolls of identify
 x - 3 scrolls of noise
 y - 9 scrolls of remove curse
 z - 2 scrolls of holy word
 G - 3 scrolls of enchant weapon
 H - 4 scrolls of magic mapping
 I - a scroll of silence
 M - a scroll of vulnerability
Potions
 c - 4 potions of brilliance
 i - 11 potions of curing
 l - 3 potions of flight
 m - 7 potions of might
 t - 4 potions of invisibility
 u - 4 potions of ambrosia
 v - 4 potions of berserk rage
 B - 3 potions of resistance
 D - 3 potions of lignification
 J - 6 potions of heal wounds
 K - a potion of magic
 Q - 3 potions of haste
 T - a potion of cancellation
Miscellaneous
 o - a lightning rod (4/4)
 F - a phial of floods


   Skills:
 - Level 20.0 Fighting
 - Level 2.0 Armour
 + Level 9.9 Dodging
 + Level 12.4 Unarmed Combat
 - Level 7.0 Spellcasting
 + Level 8.0 Translocations
 + Level 11.1 Transmutations
 - Level 6.0 Ice Magic
 - Level 2.0 Poison Magic
 - Level 8.0 Invocations
 - Level 4.0 Evocations


You had 6 spell levels left.
You knew the following spells:

 Your Spells              Type           Power        Failure   Level
a - Passage of Golubria   Tloc           N/A          36%         4
b - Gell's Gravitas       Tloc           18%          21%         3
c - Spider Form           Tmut/Pois      15%          26%         3
d - Ice Form              Ice/Tmut       39%          32%         4
e - Blade Hands           Tmut           24%          32%         5
f - Beastly Appendage     Tmut           96%          8%          1
A - Wereblood             Tmut           48%          10%         2
E - Blink                 Tloc           N/A          14%         2

Your spell library contained the following spells:

 Spells                   Type           Power        Failure   Level
 Apportation              Tloc           74%          12%         1
 Freeze                   Ice            100%         17%         1
 Lesser Beckoning         Tloc           18%          21%         3
 Teleport Other           Tloc           37%          21%         3
 Frozen Ramparts          Ice            58%          30%         3
 Ozocubu's Armour         Ice            29%          30%         3
 Ensorcelled Hibernation  Hex/Ice        36%          38%         2
 Portal Projectile        Hex/Tloc       42%          43%         3
 Animate Skeleton         Necr           12%          56%         1
 Corona                   Hex            6%           56%         1
 Magic Dart               Conj           24%          56%         1
 Summon Small Mammal      Summ           24%          56%         1
 Poisonous Vapours        Pois/Air       20%          56%         2
 Call Imp                 Summ           6%           67%         2
 Slow                     Hex            6%           67%         2
 Mephitic Cloud           Conj/Pois/Air  9%           78%         3
 Hailstorm                Conj/Ice       18%          82%         4
 Summon Ice Beast         Ice/Summ       18%          82%         4
 Conjure Flame            Conj/Fire      6%           83%         3
 Dazzling Flash           Conj/Hex       12%          83%         3
 Inner Flame              Hex/Fire       6%           83%         3
 Static Discharge         Conj/Air       6%           83%         3
 Cause Fear               Hex            3%           98%         4
 Fulminant Prism          Conj/Hex       3%           98%         4
 Leda's Liquefaction      Hex/Erth       3%           98%         4
 Bolt of Magma            Conj/Fire/Erth 3%           100%        5
 Iskenderun's Battlesphe  Conj           6%           100%        5
 Lightning Bolt           Conj/Air       3%           100%        5
 Freezing Cloud           Conj/Ice/Air   7%           100%        6
 Iron Shot                Conj/Erth      3%           100%        6
 Orb of Destruction       Conj           3%           100%        7
 Spellforged Servitor     Conj/Summ      3%           100%        7
 Disjunction              Tloc           18%          100%        8
 Ignition                 Fire           3%           100%        8
 Shatter                  Erth           3%           100%        9
 Tornado                  Air            3%           100%        9


Dungeon Overview and Level Annotations

Branches:
Dungeon (15/15)            Temple (1/1) D:6            Lair (6/6) D:8
  Swamp (3/4) Lair:4        Snake (1/4) Lair:4        Slime (0/5) Lair:5
    Orc (2/2) D:9             Elf (0/3) Orc:2        Vaults (0/5) D:14
 Depths: D:15

Altars:
Ashenzari
Cheibriados
Dithmenos
Elyvilon
Fedhas
Gozag
Hepliaklqana
Kikubaaqudgha
Makhleb
Nemelex Xobeh
Okawaru
Qazlal
Ru
Sif Muna
Trog
Uskayaw
Vehumet
Wu Jian
Xom
Yredelemnul
Zin
The Shining One
Jiyva

Shops:
D:12 [   D:14 [   Orc:1 (   Orc:2 [[!}}

Annotations:
D:15 Nessos
Lair:1 exclusion: oklob plant
Swamp:2 Roxanne


Innate Abilities, Weirdness & Mutations

You are too large for most types of armour.
You have tough skin. (AC +1)


Message History

The harpoon shot hits you!
You are yanked forward by the harpoon shot.
Splash!
The goliath frog closely misses you. The swamp worm misses you.
The spriggan rider misses you. The goliath frog hits you from afar!
You are splashed with acid.
You resist. The goliath frog hits you from afar!
You are splashed with acid.
You resist.
The swamp worm bites you but does no damage.
The spriggan rider hits you from afar with a +3 spear!
* * * LOW HITPOINT WARNING * * *
The goliath frog hits you from afar!
* * * LOW HITPOINT WARNING * * *
The acid corrodes you!
You are splashed with acid.
You resist.
* * * LOW HITPOINT WARNING * * *
There is a stone staircase leading up, spattered with blood here.
The spriggan rider hits you from afar with a +3 spear!
* * * LOW HITPOINT WARNING * * *
The swamp worm barely misses you. The goliath frog misses you.
The goliath frog hits you from afar!!
You die...

♣≈.≈≈..≈≈≈≈§..≈≈≈.
♣♣≈≈.≈....≈≈≈..≈§≈.
.♣.§.♣..§≈≈≈≈...≈≈≈.
...≈≈≈.≈≈≈≈...♣.≈..≈
♣≈..≈.$≈≈.♣♣♣♣♣♣≈.♣
♣♣♣♣♣≈...♣♣ ♣♣♣♣
♣♣♣♣♣..≈♣♣♣
♣..≈F≈≈≈≈≈♣
♣.@wi≈≈≈≈.♣
♣≈≈≈F..≈...♣
♣≈≈§≈.≈♣♣≈♣♣♣
♣♣.≈.♣♣♣ ♣♣ ♣♣♣♣♣


You could see a spriggan rider, 2 goliath frogs and a swamp worm.

Vanquished Creatures
  Nikola (Swamp:1)
  Kirke (D:15)
  A bunyip (Swamp:1)
  2 eleionomae
  A fire dragon (Lair:6)
  Josephine (Lair:3)
  Erolcha (Orc:1)
  A shambling mangrove (Swamp:3)
  A ghost crab (Swamp:2)
  11 hydras
  2 vault guards (D:14)
  4 centaur warriors
  7 boulder beetles
  Erica (D:8)
  5 two-headed ogres
  A tengu warrior (D:14)
  17 death yaks
  An alligator (Swamp:2)
  5 orc high priests (Orc:2)
  The ghost of ABBCCCDDDD the Martial Artist, a novice OpGl of Xom (D:10)
  A fire crab (Lair:6)
  4 goliath frogs
  A swamp dragon (Swamp:2)
  2 unseen horrors
  A wizard (D:14)
  4 bog bodies
  A lindwurm (Lair:3)
  6 orc knights
  2 deep elf magi
  3 orc sorcerers
  8 ugly things
  The ghost of ABBCCCDDDD the Conjurer, a novice OpCj of Yredelemnul (D:5)
  A will-o-the-wisp (Swamp:2)
  29 elephants
  15 black mambas
  Maurice (D:9)
  A torpor snail (Lair:6)
  2 centaur skeletons
  7 molten gargoyles
  Maggie (D:10)
  A kobold demonologist (D:13)
  12 cane toads
  3 rime drakes
  11 komodo dragons
  2 efreet
  A tengu conjurer (D:14)
  3 meliai (D:13)
  5 trolls
  3 polar bears
  4 tyrant leeches
  10 blink frogs
  5 hornets
  5 dream sheep (Lair:4)
  A meliai zombie (D:13)
  3 spriggans
  3 wyverns
  6 wraiths
  47 yaks
  10 basilisks
  The ghost of sankara the Chopper, an amateur MiFi of Makhleb (D:4)
  2 steam dragons (Lair:6)
  22 humans (D:14)
  3 hogs (D:14)
  6 vampire mosquitoes
  5 nagas
  9 swamp worms
  A warg (Orc:1)
  A soldier ant (D:8)
  14 two-headed ogre zombies (Orc:1)
  42 water moccasins
  Duvessa (D:6)
  3 hell hounds (Lair:6)
  39 orc warriors
  3 swamp drakes
  7 sky beasts
  An eye of draining (D:8)
  5 black bears
  9 centaurs
  8 ice beasts
  10 ogres
  A necrophage (D:10)
  4 big kobolds
  24 bullfrogs
  A water moccasin zombie (D:7)
  A wyvern zombie (D:8)
  Dowan (D:6)
  A wyvern skeleton (D:14)
  3 scorpions
  A water moccasin skeleton (D:7)
  16 killer bees
  21 wights
  14 howler monkeys
  A crimson imp (D:4)
  4 lava snakes (Lair:6)
  4 centaur zombies
  A quasit (D:7)
  3 bullfrog zombies
  An iron imp (D:5)
  6 hounds
  6 jellies
  22 orc priests
  4 bullfrog skeletons
  Jessica (D:4)
  5 iguanas
  13 worker ants
  10 hell rats
  11 orc wizards
  A hound skeleton (D:7)
  A hound zombie (D:6)
  A worker ant zombie (D:10)
  A howler monkey skeleton (D:7)
  3 gnolls (D:3)
  30 adders
  8 river rats (Lair:6)
  A shadow imp (D:7)
  5 white imps
  3 ufetubi
  2 oozes
  2 adder zombies
  An adder skeleton (D:9)
  A dart slug (D:1)
  5 worms
  4 leopard geckos
  71 orcs
  2 ball pythons (D:2)
  A bat zombie (D:9)
  8 giant cockroaches
  6 goblins
  2 hobgoblins
  10 jackals
  8 quokkas
  6 bats
  3 frilled lizards
  15 kobolds
  2 leopard gecko skeletons
  A leopard gecko zombie (D:5)
  2 quokka skeletons (D:5)
  5 rats
  3 rat zombies (D:9)
877 creatures vanquished.

Vanquished Creatures (collateral kills)
  A goliath frog (Swamp:1)
  A wizard (D:14)
  A black mamba (Lair:2)
  A meliai zombie (D:14)
  A yak (Lair:5)
  A swamp worm (Swamp:1)
  A wight (D:14)
7 creatures vanquished.

Vanquished Creatures (others)
  A bloated husk (Swamp:2)
  A wyvern simulacrum (D:14)
  2 foxfires (Swamp:2)
  61 fungi
  79 plants
144 creatures vanquished.

Grand Total: 1028 creatures vanquished

Notes
Turn   | Place    | Note
-------+----------+-------------------------------------------
     0 | D:1      | Ezendos the Ogre Transmuter began the quest for the Orb.
     0 | D:1      | Reached XP level 1. HP: 19/19 MP: 3/3
   125 | D:1      | Reached skill level 2 in Fighting
   167 | D:1      | Reached XP level 2. HP: 29/29 MP: 3/5
   353 | D:1      | Reached skill level 3 in Fighting
   905 | D:1      | Reached XP level 3. HP: 39/39 MP: 6/6
   969 | D:2      | Reached skill level 4 in Fighting
  1059 | D:2      | Learned a level 2 spell: Wereblood
  1063 | D:2      | Learned a level 3 spell: Spider Form
  1134 | D:2      | Found a blossoming altar of Fedhas.
  1701 | D:2      | Reached XP level 4. HP: 31/48 MP: 8/8
  2752 | D:3      | Reached XP level 5. HP: 51/55 MP: 7/9
  3395 | D:3      | Learned a level 4 spell: Ice Form
  3842 | D:4      | Noticed an ogre
  3943 | D:4      | Reached skill level 1 in Poison Magic
  4438 | D:4      | Got a heavily runed granite ring
  4586 | D:4      | Noticed an ogre
  4815 | D:4      | Identified the ring of Ycuracw {Will- EV+4 Str+7} (You
                  | found it on level 4 of the Dungeon)
  4828 | D:4      | Reached skill level 5 in Fighting
  4828 | D:4      | Reached XP level 6. HP: 63/66 MP: 9/11
  4845 | D:4      | Reached skill level 1 in Ice Magic
  4893 | D:4      | Found a large runed translucent door.
  4893 | D:4      | Found a large runed translucent door.
  4894 | D:4      | Noticed sankara's ghost (amateur MiFi)
  5109 | D:4      | Found a burning altar of Makhleb.
  5110 | D:4      | Found a radiant altar of Vehumet.
  5122 | D:4      | Became a worshipper of Makhleb the Destroyer
  5333 | D:4      | Noticed Jessica
  5370 | D:4      | Killed Jessica
  5381 | D:4      | Found a shimmering blue altar of Sif Muna.
  5440 | D:5      | Entered Level 5 of the Dungeon
  5808 | D:5      | Reached XP level 7. HP: 61/72 MP: 10/12
  5898 | D:5      | Found a snail-covered altar of Cheibriados.
  5911 | D:5      | Reached skill level 1 in Invocations
  6121 | D:5      | Found a runed translucent door.
  6164 | D:5      | Noticed ABBCCCDDDD's ghost (novice OpCj)
  6454 | D:6      | Reached * piety under Makhleb
  6541 | D:6      | Reached skill level 6 in Fighting
  6740 | D:6      | Noticed Dowan
  6743 | D:6      | Noticed Duvessa
  7082 | D:6      | Reached XP level 8. HP: 76/83 MP: 14/14
  7115 | D:6      | Found a staircase to the Ecumenical Temple.
  7124 | Temple   | Entered the Ecumenical Temple
  7966 | D:6      | Killed Duvessa
  7972 | D:6      | Killed Dowan
  8247 | D:6      | Reached skill level 7 in Fighting
  8322 | D:6      | Found a glowing golden altar of the Shining One.
  8448 | D:7      | Reached XP level 9. HP: 74/93 MP: 14/16
  8529 | D:7      | Found a broken altar of Ashenzari.
  8773 | D:6      | Reached skill level 5 in Spellcasting
  8907 | D:7      | Found a shimmering altar of Xom.
  8972 | D:7      | Reached ** piety under Makhleb
  9343 | D:7      | Reached skill level 5 in Unarmed Combat
  9423 | D:7      | Found a glowing golden altar of the Shining One.
  9427 | D:7      | Found an ornate altar of the Wu Jian Council.
  9509 | D:7      | Identified the +4 hunting sling of the Smoking Dove {flame,
                  | +Blink +Inv rC+ Int+2}
  9855 | D:7      | Found a hide-covered altar of Uskayaw.
  9864 | D:7      | Found a shadowy altar of Dithmenos.
  9864 | D:7      | Found an opulent altar of Gozag.
 10022 | D:7      | Reached skill level 5 in Transmutations
 10275 | D:7      | Reached skill level 8 in Fighting
 10754 | D:8      | Noticed Erica
 10761 | D:7      | Reached skill level 5 in Invocations
 10970 | D:8      | Found a staircase to the Lair.
 10988 | D:8      | Reached XP level 10. HP: 106/106 MP: 13/17
 11000 | Lair:1   | Entered Level 1 of the Lair of Beasts
 11082 | D:8      | Killed Erica
 11083 | D:8      | Reached skill level 9 in Fighting
 11137 | D:8      | Reached skill level 10 in Fighting
 11461 | D:8      | Learned a level 2 spell: Blink
 11603 | D:8      | Noticed a boulder beetle
 11890 | Lair:1   | Noticed an oklob plant
 12093 | Lair:1   | Reached skill level 11 in Fighting
 12185 | Lair:1   | Noticed a cane toad
 12200 | Lair:1   | Killed a cane toad
 13116 | Lair:2   | Noticed a black mamba
 13124 | Lair:2   | Killed a black mamba
 13125 | Lair:2   | Reached skill level 12 in Fighting
 13306 | Lair:2   | Noticed a death yak
 13306 | Lair:2   | Noticed a death yak
 13306 | Lair:2   | Noticed a death yak
 13333 | Lair:2   | Noticed a death yak
 13373 | Lair:1   | Killed a death yak
 13374 | Lair:1   | Reached XP level 11. HP: 94/123 MP: 19/19
 13519 | Lair:2   | Noticed a six-headed hydra
 13533 | Lair:2   | Killed a six-headed hydra
 13923 | Lair:2   | You fall into a shaft and drop 2 floors!
 13935 | Lair:4   | Reached *** piety under Makhleb
 13951 | Lair:4   | Noticed a seven-headed hydra
 13982 | Lair:4   | Found a staircase to the Swamp.
 14003 | Lair:4   | Noticed a seven-headed hydra
 14219 | Lair:3   | Reached skill level 1 in Translocations
 14228 | Lair:3   | Noticed a death yak
 14228 | Lair:3   | Noticed a death yak
 14247 | Lair:3   | Noticed a death yak
 14247 | Lair:3   | Noticed a death yak
 14325 | Lair:2   | Noticed a seven-headed hydra
 14835 | D:9      | Found a basalt altar of Yredelemnul.
 15475 | D:9      | Noticed Maurice
 15484 | D:9      | Killed Maurice
 15631 | D:9      | Found a staircase to the Orcish Mines.
 15737 | D:9      | Found an ancient bone altar of Kikubaaqudgha.
 15800 | D:10     | Entered Level 10 of the Dungeon
 15880 | D:9      | Reached skill level 5 in Dodging
 15880 | D:9      | Reached skill level 5 in Ice Magic
 16050 | D:10     | Noticed Maggie
 16050 | D:10     | Noticed a boulder beetle
 16543 | D:10     | Noticed a two-headed ogre
 16549 | D:10     | Killed a two-headed ogre
 16550 | D:10     | Reached skill level 1 in Evocations
 16695 | D:10     | Reached **** piety under Makhleb
 16958 | D:10     | Found a runed translucent door.
 16958 | D:10     | Noticed ABBCCCDDDD's ghost (novice OpGl)
 17000 | D:10     | Killed Maggie
 17394 | D:10     | Killed a boulder beetle
 17395 | D:10     | Reached XP level 12. HP: 133/133 MP: 15/21
 17756 | Lair:2   | Killed a seven-headed hydra
 17906 | Lair:2   | Reached skill level 13 in Fighting
 18471 | Lair:2   | Noticed a death yak
 18471 | Lair:2   | Noticed a death yak
 18472 | Lair:2   | Noticed a death yak
 18486 | Lair:2   | Noticed a death yak
 18487 | Lair:2   | Noticed a death yak
 18553 | Lair:1   | Killed a death yak
 18576 | Lair:1   | Killed a death yak
 18780 | Lair:1   | Killed a death yak
 18862 | Lair:1   | Killed a death yak
 18896 | Lair:1   | Killed a death yak
 19850 | Lair:2   | Found the +8 whip "Snakebite" {curare, rPois}
 19967 | Lair:2   | Killed a death yak
 20132 | Lair:2   | Killed a death yak
 20133 | Lair:2   | Reached skill level 14 in Fighting
 20133 | Lair:2   | Reached skill level 5 in Translocations
 20991 | Lair:3   | Reached XP level 13. HP: 141/146 MP: 18/22
 23289 | Lair:3   | Reached skill level 15 in Fighting
 23315 | Lair:4   | Noticed Josephine
 23334 | Lair:3   | Killed Josephine
 23767 | Lair:4   | Reached skill level 10 in Unarmed Combat
 24010 | Lair:3   | Reached skill level 16 in Fighting
 24299 | Lair:4   | Found a staircase to the Snake Pit.
 24361 | Lair:4   | Reached ***** piety under Makhleb
 25186 | Lair:4   | Reached XP level 14. HP: 163/163 MP: 19/23
 25191 | Lair:4   | Reached skill level 17 in Fighting
 26695 | Lair:5   | Reached skill level 18 in Fighting
 27539 | Lair:5   | Found a staircase to the Slime Pits.
 27539 | Lair:5   | Found a viscous altar of Jiyva.
 27568 | Lair:5   | Reached skill level 19 in Fighting
 27807 | Lair:6   | Entered Level 6 of the Lair of Beasts
 30154 | Orc:1    | Entered Level 1 of the Orcish Mines
 30179 | D:9      | Reached XP level 15. HP: 183/183 MP: 20/24
 31781 | D:11     | Reached ****** piety under Makhleb
 32490 | D:12     | You fall into a shaft and drop 2 floors!
 33721 | D:13     | Found a snail-covered altar of Cheibriados.
 34929 | D:12     | Found Gyvyzon's Armour Shop.
 36466 | Lair:6   | Learned a level 5 spell: Blade Hands
 36544 | Lair:6   | Found a large runed translucent door.
 36544 | Lair:6   | Found a large runed translucent door.
 37188 | Orc:1    | Learned a level 4 spell: Passage of Golubria
 37434 | Orc:1    | Found Ytufror's Antique Weapon Shoppe.
 37865 | Orc:2    | Entered Level 2 of the Orcish Mines
 37865 | Orc:2    | Found a staircase to the Elven Halls.
 38107 | Orc:2    | Found Orept's Gadget Shop.
 39112 | Orc:2    | Reached XP level 16. HP: 96/192 MP: 22/26
 40291 | Orc:2    | Found Heethruo's Armour Boutique.
 40294 | Orc:2    | Found Pofeu's Armour Boutique.
 40295 | Orc:2    | Found Ecre's Distillery.
 40296 | Orc:2    | Found Bohu's Gadget Boutique.
 40301 | Orc:2    | Bought a wand of digging (8) for 360 gold pieces
 40309 | Orc:2    | Bought a potion of curing for 51 gold pieces
 40309 | Orc:2    | Bought a potion of haste for 170 gold pieces
 40309 | Orc:2    | Bought a potion of curing for 51 gold pieces
 40309 | Orc:2    | Bought a potion of heal wounds for 85 gold pieces
 40309 | Orc:2    | Bought a potion of curing for 51 gold pieces
 40506 | Orc:1    | Noticed Erolcha
 40514 | Orc:1    | Killed Erolcha
 40846 | D:14     | Found Fizxiaha's Armour Boutique.
 41196 | D:4      | Killed sankara's ghost
 41197 | D:4      | Reached skill level 20 in Fighting
 41355 | D:5      | Killed ABBCCCDDDD's ghost
 41500 | D:10     | Killed ABBCCCDDDD's ghost
 41892 | D:14     | Reached skill level 10 in Transmutations
 42563 | D:14     | Found a gate to the Vaults.
 42824 | D:15     | Entered Level 15 of the Dungeon
 42901 | D:15     | Noticed Kirke
 42903 | D:15     | Noticed Nessos
 43355 | D:15     | Killed Kirke
 44034 | D:8      | Found a glowing silver altar of Zin.
 44294 | Swamp:1  | Entered Level 1 of the Swamp
 44417 | Swamp:1  | HP: 9/192 [acid (5)]
 44420 | Swamp:1  | Identified a scroll of acquirement
 44420 | Swamp:1  | Acquired Macinwai's Handbook of a Billion Hells
 44842 | Snake:1  | Entered Level 1 of the Snake Pit
 46103 | Swamp:1  | Learned a level 3 spell: Gell's Gravitas
 46473 | Swamp:1  | Found a basalt altar of Yredelemnul.
 46953 | Swamp:2  | Noticed Roxanne
 47502 | Swamp:2  | Noticed Nikola
 47820 | Swamp:1  | Killed Nikola
 48070 | Swamp:2  | Reached skill level 1 in Armour
 48545 | Swamp:2  | Reached XP level 17. HP: 201/201 MP: 23/27
 49325 | Swamp:3  | Slain by a goliath frog

Illustrated notes

Levels and vault maps discovered:
D:1:      onia_arrival_pentagram, layout_basic
D:2:      layout_basic, lemuel_doored_altar
D:3:      layout_loops_ring
D:4:      layout_loops_cross, grunt_temple_overflow_lords_of_destruction,
          ebering_ghost_disaster_area, tgw_sif
D:5:      layout_basic, slow_altar_1, ebering_ghost_sewer_d,
          kennysheep_small_square
D:6:      layout_basic, minmay_temple_entry_proselytizer, grunt_ministairs_3,
          nicolae_tso_swordbearing_angel, uniq_duvessa
D:7:      layout_gridville, ashenzari_altar_1, nicolae_overflow_hidden_temple,
          xom_teletrap_fun
D:8:      layout_loops_cross, kennysheep_mini, dpeg_oklobed_lair,
          serial_co_window_serial, co_window_cross_1, co_window_paths_a,
          co_window_corner_a, co_window_cross_1, co_window_paths_b,
          co_window_corner_b, co_window_of_opportunity_b, co_window_paths_c,
          co_window_corner_b, glass_columns_b, glass_columns_b,
          minmay_three_doors, uniq_erica
D:9:      layout_loops_ring, lemuel_zombie_altar_kikubaaqudgha,
          yredelemnul_altar_generic, orc_0_dummy, uniq_maurice
D:10:     layout_irregular_city, gammafunk_ghost_grave,
          kennysheep_generic_room_2, uniq_maggie
D:11:     layout_grid_maze, minmay_misc_feat_square
D:12:     layout_basic, serial_shops, shop, chequers_serial_rivers_large_b
D:13:     lemuel_reptile_caves, layout_loops_cross, basic_altar, minivault_8
D:14:     layout_rooms, grunt_vaults_entry_tiered, serial_shops,
          nicolae_shop_stone, minmay_misc_feat_columns
D:15:     gammafunk_depths_entry_grave, layout_stronghold, chequers_big_river,
          st_stairs_14, lemuel_altar_in_water, uniq_agnes, uniq_nessos,
          uniq_kirke, uniq_rupert
Temple:   nicolae_temple_figure_zero
Lair:1:   layout_loops_ring, minmay_lair_oklob_chamber
Lair:2:   minmay_guarded_unrand_snakebite, layout_loops_ring,
          chequers_serial_rivers_small_3, grunt_megastairs_5, lemuel_fruit_tree
Lair:3:   layout_roguey, nicolae_volcano_entry_vermiform, columned_hall_lemuel
Lair:4:   layout_hall_layers, minmay_swamp_entry_reptiles,
          minmay_snake_entry_guardpost_small, portal_ice_cave_entry_pillars_1,
          chequers_serial_rivers_micro_b, minmay_shattered_shrine,
          uniq_josephine
Lair:5:   layout_regular_city, slime_altar_1
Lair:6:   cheibrodos_lair_end_hotspot, layout_long_grid, kennysheep_rathole
Swamp:1:  layout_basic_swamp, basic_altar
Swamp:2:  layout_basic_swamp, hangedman_swamp_blocks, uniq_nikola, uniq_roxanne
Swamp:3:  layout_basic_swamp, serial_swamp_ruin, evilmike_swamp_ruin_house_2,
          evilmike_swamp_ruin_house_3, evilmike_swamp_ruin_house_1, swamp_pool2
Snake:1:  layout_misc_corridors
Orc:1:    lemuel_ogre_cave, layout_caves, serial_shops,
          nicolae_shop_behind_doors
Orc:2:    st_orc_pillars, layout_caves, serial_shops,
          nicolae_shop_temple_entry_statues_fountains, lightli_orcish_oven

Skill      XL: |  1  2  3  4  5  6  7  8  9 10 11 12 13 14 15 16 17 |
---------------+----------------------------------------------------+-----
Fighting       | 2 3 4 5 6 7 8 12 14 16 19 20 | 20.0
Transmutations | 2 3 4 5 6 7 8 9 10 11 | 11.1
Unarmed Combat | 3 4 5 6 7 8 10 11 12 | 12.4
Spellcasting   | 3 4 5 6 7 |  7.0
Poison Magic   | 1 2 |  2.0
Ice Magic      | 1 2 4 5 6 |  6.0
Dodging        | 2 3 4 5 6 7 9 |  9.9
Invocations    | 2 3 5 6 8 |  8.0
Translocations | 3 5 6 7 8 |  8.0
Evocations     | 2 4 |  4.0
Armour         | 1 2 |  2.0

Action                   |  1- 3 |  4- 6 |  7- 9 | 10-12 | 13-15 | 16-18 || total
-------------------------+-------+-------+-------+-------+-------+-------++-------
Melee: Unarmed           |   101 |   192 |   331 |   470 |  1213 |   479 ||  2786
       Kick              |    15 |    29 |    36 |       |       |       ||    80
       Headbutt          |    11 |    25 |    29 |       |       |       ||    65
       Punch             |     1 |     1 |     3 |     1 |       |    10 ||    16
       Hunting sling     |       |       |       |     3 |       |       ||     3
 Cast: Beastly Appendage |    18 |    28 |    27 |       |       |     2 ||    75
       Wereblood         |       |     1 |     1 |       |       |       ||     2
       Spider Form       |       |       |    16 |    14 |     9 |       ||    39
       Ice Form          |       |       |     8 |    56 |   113 |    33 ||   210
       Blink             |       |       |       |     6 |     3 |       ||     9
       Blade Hands       |       |       |       |       |     8 |    35 ||    43
       Passage of Golubr |       |       |       |       |     1 |       ||     1
       Gell's Gravitas   |       |       |       |       |       |    10 ||    10
Invok: Lesser Servant of |       |       |       |     1 |     6 |     6 ||    13
 Abil: End Transformatio |       |       |       |       |     1 |     2 ||     3
Evoke: Wand              |       |       |       |    10 |     3 |     1 ||    14
       Phial of floods   |       |       |       |     1 |     1 |       ||     2
  Use: Scroll            |     3 |     6 |     2 |    17 |    10 |     8 ||    46
       Potion            |       |     4 |       |     3 |     1 |     2 ||    10
 Stab: Confused          |       |       |       |       |       |     1 ||     1
Armor: Robe              |    27 |    37 |    17 |    12 |    20 |    13 ||   126
       Skin              |       |       |    21 |    87 |   262 |    74 ||   444
       Acid dragon scale |       |       |       |       |       |    26 ||    26
       Swamp dragon scal |       |       |       |       |       |    16 ||    16
Dodge: Dodged            |    52 |    83 |   283 |   305 |   686 |   283 ||  1692
